 Dungeon Crawl Stone Soup version 0.30-a0-1016-gfb0d676c02 (webtiles) character file.

Game seed: 16662071140797760018

114 Malachi the Shooter (level 5, 0/38 HPs)
             Began as a Formicid Hunter on Apr 7, 2023.
             Was a Believer of Kikubaaqudgha.
             Slain by a water moccasin (8 damage)
             ... on level 3 of the Dungeon.
             The game lasted 00:03:25 (2540 turns).

Malachi the Shooter (Formicid Hunter)               Turns: 2540, Time: 00:03:25

Health: 0/38       AC:  3    Str: 21    XL:     5   Next: 18%
Magic:  5/5        EV: 12    Int:  9    God:    Kikubaaqudgha [**....]
Gold:   91         SH:  0    Dex: 19    Spells: 4/4 levels left

rFire   . . .      SeeInvis +    a - +0 shortbow
rCold   . . .      Faith    +    (no shield)
rNeg    . . .      Spirit   .    c - +0 leather armour
rPois   .          Reflect  .    (helmet unavailable)
rElec   .          Rampage  .    (no cloak)
rCorr   .                        (no gloves)
Will    .....                    (no boots)
Stlth   ++                       k - amulet of faith
HPRegen 0.26/turn                i - +6 ring of strength
MPRegen 0.09/turn                (no ring)

@: lethally poisoned (0 -> -10)
A: permanent stasis, dig shafts and tunnels, antennae 3, four strong arms
a: Dig, Shaft Self, Renounce Religion, Unearth Wretches


You were on level 3 of the Dungeon.
You worshipped Kikubaaqudgha.
Kikubaaqudgha was pleased with you.
You visited 1 branch of the dungeon, and saw 3 of its levels.

You collected 91 gold pieces.

Inventory:

Hand Weapons
 a - a +0 shortbow (weapon)
Missiles
 h - 5 silver javelins
Armour
 c - a +0 leather armour (worn)
Jewellery
 i - a +6 ring of strength (left hand)
 k - an amulet of faith (around neck)
Scrolls
 b - a scroll of immolation
 f - a scroll of fog {unknown}
 m - a scroll of magic mapping
Potions
 d - 2 potions of ambrosia
 e - a potion of might {unknown}
 g - a potion of berserk rage {unknown}
 j - 3 potions of heal wounds
 l - a potion of cancellation {unknown}


   Skills:
 - Level 2.1 Fighting
 + Level 6.1 Ranged Weapons
 - Level 1.7 Dodging
 - Level 1.2 Stealth


You had 4 spell levels left.
You didn't know any spells.
Your spell library contained the following spells:

 Spells                   Type           Power      Damage    Failure   Level
 Kiss of Death            Conj/Necr      0%         2d5       43%         1
 Necrotise                Necr           0%         1d4       43%         1
 Vampiric Draining        Necr           0%         2d6       80%         3
 Animate Dead             Necr           0%         N/A       99%         4


Dungeon Overview and Level Annotations

Branches:
Dungeon (3/15)

Altars:
Kikubaaqudgha
Trog


Innate Abilities, Weirdness & Mutations

You cannot be hasted, slowed, berserked, paralysed or teleported.
You can dig through walls and to a lower floor.
You have a pair of large antennae on your head. (SInv)
Your four strong arms can wield two-handed weapons with a shield.


Message History

You feel very sick. The water moccasin bites you.
You shoot an arrow. The arrow hits the water moccasin.
The water moccasin is severely wounded.
You feel very sick. The water moccasin misses you.
The water moccasin closely misses you.
You shoot an arrow.
The arrow closely misses the water moccasin.
You feel very sick. The water moccasin misses you.
The water moccasin bites you!
You are too injured to fight recklessly!
You are too injured to fight recklessly!
You are too injured to fight recklessly!
Unknown command.
Fire: a) +0 shortbow
Press: ? - help, Q - select action, (/) - cycle Shift-Dir - straight line, f/p - water moccasin
Aim: a water moccasin (severely wounded, 50% to hit)
You shoot an arrow.
The arrow barely misses the water moccasin.
You feel sick.
The water moccasin bites you but does no damage.
Fire: a) +0 shortbow
Press: ? - help, Q - select action, (/) - cycle Shift-Dir - straight line, f/p - water moccasin
Aim: a water moccasin (severely wounded, 50% to hit)
You shoot an arrow. The arrow hits the water moccasin!
The water moccasin is almost dead.
You feel sick. The water moccasin closely misses you.
The water moccasin bites you.
* * * LOW HITPOINT WARNING * * *
You are lethally poisoned!
The water moccasin poisons you!
Fire: a) +0 shortbow
Press: ? - help, Q - select action, (/) - cycle Shift-Dir - straight line, f/p - water moccasin
Aim: a water moccasin (almost dead, 50% to hit)
You shoot an arrow. The arrow misses the water moccasin.
* * * LOW HITPOINT WARNING * * *
You feel very sick. The water moccasin bites you!
You die...
Kikubaaqudgha rasps: "You have failed me!
Welcome... death!"

#...#......................
##. .#..#.........#####...
### #.
####.......÷.÷...##.# ##..
## ##...............###...
# ##.##......###..†...# #
######..##.##..## .
#.....#..## #.
#####.#......# #.
.......@###### #. .#####.S#
#. #... #. #..#. ...†.#
..... # ..... .......


You could see a water moccasin.

Vanquished Creatures
  4 gnolls (D:2)
  A worm (D:2)
  2 dart slugs (D:1)
  2 orcs (D:2)
  4 ball pythons
  4 endoplasms (D:1)
  2 giant cockroaches (D:1)
  6 goblins
  5 hobgoblins
  4 jackals (D:1)
  6 kobolds
  6 quokkas
  5 bats
  7 frilled lizards
  5 rats
63 creatures vanquished.

Vanquished Creatures (others)
  2 withered plants (D:1)
2 creatures vanquished.

Grand Total: 65 creatures vanquished

Notes
Turn   | Place    | Note
-------+----------+-------------------------------------------
     0 | D:1      | Malachi the Formicid Hunter began the quest for the Orb.
     0 | D:1      | Reached XP level 1. HP: 16/16 MP: 1/1
    15 | D:1      | Noticed a black bear
    15 | D:1      | Noticed an anaconda
    60 | D:1      | Reached XP level 2. HP: 19/22 MP: 2/2
   278 | D:1      | Found a faded altar of an unknown god.
   290 | D:1      | Prayed at the altar of an unknown god.
   290 | D:1      | Became a worshipper of Kikubaaqudgha
   290 | D:1      | Reached * piety under Kikubaaqudgha
   290 | D:1      | Received a gift from Kikubaaqudgha
   321 | D:1      | Reached XP level 3. HP: 27/27 MP: 3/3
   367 | D:1      | Reached skill level 5 in Ranged Weapons
  1163 | D:2      | Reached ** piety under Kikubaaqudgha
  1164 | D:2      | Reached XP level 4. HP: 33/33 MP: 4/4
  1501 | D:2      | Reached XP level 5. HP: 32/38 MP: 5/5
  1564 | D:2      | Reached skill level 6 in Ranged Weapons
  1762 | D:2      | Found a bloodstained altar of Trog.
  2528 | D:3      | Noticed a water moccasin
  2540 | D:3      | Slain by a water moccasin

Illustrated notes

Levels and vault maps discovered:
D:1:      onia_arrival_zoo_common, layout_basic,
          ebering_ecumenical_altar_petrified, chequers_hall_statues_y
D:2:      layout_basic, basic_altar, kennysheep_big_empty_room
D:3:      layout_rooms, lemuel_round_altar, nemelex_dance_club_becter

Skill      XL: |  1  2  3  4  5 |
---------------+----------------+-----
Ranged Weapons | 5 6 |  6.1
Fighting       | |  2.1
Dodging        | |  1.7
Stealth        | |  1.2

Action                     |  1- 3 |  4- 6 || total
---------------------------+-------+-------++-------
   Fire: Shortbow          |   102 |    76 ||   178
    Use: Scroll            |     2 |     2 ||     4
 Armour: Leather armour    |    18 |     8 ||    26
  Dodge: Dodged            |    34 |    28 ||    62

Table legend: (Time is in decaauts)
 A = Elapsed time spent in this place.
 B = Non-inter-level travel time spent in this place.
 C = Inter-level travel time spent in this place.
 D = Time resting spent in this place.
 E = Time spent auto-exploring this place.
 F = Levels seen in this place.
 G = Mean time per level.
                   A        B        C        D        E       F      G
               +--------+--------+--------+--------+--------+-----+--------+
         Total |   2587 |   2442 |    145 |    483 |   1508 |   3 |  862.3 |
       Dungeon |   2587 |   2442 |    145 |    483 |   1508 |   3 |  862.3 |
               +--------+--------+--------+--------+--------+-----+--------+

Top non-repeatable levels by time:
     D:2: 1333 daAuts
     D:1: 1092 daAuts
     D:3: 162 daAuts
